[Event "Match/Team URS-World 20,5-19,5"]
[Site "Belgrade"]
[Date "1970.04.04"]
[Round "4.1"]
[White "Larsen, Bent"]
[Black "Stein, Leonid"]
[Result "1-0"]
[ECO "E68"]
[WhiteElo "2650"]
[BlackElo "2620"]
[Annotator "Larsen/Stein"]
[PlyCount "161"]
[EventDate "1970.03.29"]
[EventType "team"]
[EventRounds "4"]
[EventCountry "YUG"]
[SourceTitle "MCL"]
[Source "ChessBase"]
[SourceDate "1999.07.01"]
[SourceVersion "1"]
[SourceVersionDate "1999.07.01"]
[SourceQuality "1"]
[WhiteTeam "World"]
[BlackTeam "Soviet Union"]
[BlackTeamCountry "URS"]
[TimeControl "40/9000:16/5400:0"]

1. Nf3 Nf6 2. g3 g6 3. Bg2 Bg7 4. c4 O-O 5. O-O d6 6. d4 Nbd7 7. Nc3 e5 8. e4
exd4 9. Nxd4 Re8 (9... Nc5 {Stein=:S}) 10. Re1 (10. h3 $142 {Larsen=:L/S}) (10.
Be3 $142 {L} Nc5 11. f3 $1 {S}) 10... Ng4 11. f3 $5 {L} (11. h3 Nge5 12. b3 Nc5
13. Be3 {Rabar,B-Zichichi,A Reggio Emilia-05 1962/63 0-1}) 11... Nge5 12. b3
Nc5 13. Be3 f5 $1 {L} 14. Qd2 (14. exf5 $4 Ned3 $1 $19 {L} 15. Re2 Rxe3 $1 {S})
14... fxe4 (14... Ned3 $1 15. Re2 fxe4 16. Nxe4 (16. fxe4 Ne5 17. Bg5 Nxc4 $1)
16... Nxe4 17. Qxd3 Nc5 {S}) 15. Bg5 Qd7 (15... Bf6 $1 {S} 16. Bxf6 Qxf6 17.
Nxe4 Nxe4 18. Rxe4 c5 (18... Bf5 $1 {?! L /S} 19. Rf4 $1 {L} (19. Ree1 $15 Nd3)
(19. Re3 Nc6 $15 (19... Nd3 20. Nc2 Rxe3 21. Qxe3 Nb4 $1 {S})) 19... Nc6 (19...
c5 20. Nxf5 gxf5 21. Qc3 Re6 22. Bh3 $16) 20. Rd1 Nxd4 21. Rxd4 Re7 $10 {S})
19. f4 $1 cxd4 20. Qxd4 Bf5 21. fxe5 dxe5 22. Qd5+ Kh8 23. Re2 Re7 $10 {L}) (
15... Nxc4 $6 16. bxc4 Bxd4+ 17. Qxd4 Qxg5 18. Nd5 $1 $40 {L}) 16. Nxe4 Nxe4
17. Rxe4 Nc6 (17... d5 18. cxd5 Qxd5 19. f4 (19. Rae1 $1 {P 20.f4 S}) 19...
Nf3+ 20. Bxf3 Rxe4 {S}) (17... Nf7 $1 $19 {Murej} 18. Rxe8+ (18. Bh3 Rxe4 $1
19. Bxd7 Rxd4) (18. Rae1 Bxd4+) 18... Qxe8 19. Be3 c5) 18. Nxc6 $1 (18. Rxe8+
$2 Qxe8 19. Be3 Qxe3+ $19 {L/S}) (18. Be3 Rxe4 $10 {L} 19. fxe4 Qe8 {S}) 18...
Rxe4 (18... Bxa1 $2 {S} 19. Ne7+ Kh8 (19... Kg7 20. Bh6+) 20. Qe1 {P 21. g6 L}
Bg7 21. Nxg6+ hxg6 22. Rxe8+ Kh7 23. Qe4 $18 {S}) 19. fxe4 Qxc6 (19... Bxa1 20.
Ne7+ Kf7 $1 (20... Kf8 21. e5 $1 (21. Qf4+ Ke8 22. Qh4 Qg4 $1 $17 {L}) (21.
Qf2+ Ke8 22. e5 dxe5 23. Nd5 Bd4 24. Be3 Bxe3 25. Qxe3 $18 {Janosevic} Qg7 $1
$17 {Rosel}) (21. Qd1 $1 {S} Be5 22. Qf1+ Ke8 23. Nxc8 Qxc8 24. Bh3 Qb8 25. Be6
$18 {S}) 21... dxe5 (21... Bxe5 22. Qf2+ Kg7 (22... Ke8 23. Bd5 $18) 23. Bh6+
$1 Kxh6 24. Qf8+ $18 Bg7 $2 25. Ng8+ $18 {L}) 22. Qc1 Qd4+ (22... Bd4+ 23. Kh1
c6 $1 24. Qf1+ Ke8 25. Qf6 e4 $19 {S}) 23. Kh1 Bf5 (23... c6 24. Qf1+ Ke8 25.
Nxc6) 24. Nxf5 gxf5 25. Bxb7 $40 {L}) (20... Kg7 21. Qf4 Qe8 22. Nd5 Qf7 23.
Nxc7 Qxf4 24. Bxf4 Rb8 25. Bxd6 Kg8 26. e5 $16 {L}) 21. e5 dxe5 (21... Bxe5 22.
Qf2+ Kg7 23. Bh6+ $18 {Brondum}) 22. Qc1 Bd4+ 23. Kh1 c6 $1 24. Qf1+ Ke8 25.
Qf6 e4 $19 {Brondum}) (19... bxc6 20. e5 $5 (20. Rf1 $10) 20... Bxe5 21. Re1
$13 {L}) 20. e5 $1 Qc5+ 21. Kh1 Be6 $1 {L} (21... Qxe5 $2 22. Re1 $18 {L}) (
21... Bxe5 22. Bd5+ Kh8 (22... Kg7 23. Rf1) 23. Re1 $16 {L}) 22. Bxb7 Rf8 23.
Be3 Qxe5 24. Re1 Qc3 (24... Bh3 25. Bxa7 c5 26. Qd5+ Kh8 (26... Qxd5+ 27. Bxd5+
Kh8 28. a4) 27. Qxe5 Bxe5 28. Bg2 Bxg2+ 29. Kxg2 Ra8 30. Bxc5 {/+- L}) 25. Kg2
(25. Qxc3 Bxc3 26. Rc1 Ba5 27. Bxa7 c5 $13 {L}) 25... Qxd2+ 26. Bxd2 Bd4 27.
Bf4 Kf7 (27... g5 $5 {S} 28. Rxe6 (28. Bxg5 Rf2+ 29. Kh1 Bh3 {S}) 28... gxf4
29. Bd5 Kh8 30. g4 $16 {L/S}) 28. Bh6 Rb8 29. Bc6 Bf6 30. Be3 a6 31. Bd2 Rb6
32. Bf3 Rb8 33. Ba5 Bd8 (33... Rc8 $4 34. Rxe6 $1 $18 {L}) 34. Rf1 Kg8 35. Bc6
Bf7 36. g4 Be7 37. Kg3 Rd8 38. Rd1 Bf6 39. h4 Be5+ 40. Kg2 Rc8 41. g5 Kg7 {
adjourned} 42. Bd7 Rd8 (42... Rb8 $2 43. Bxc7 Rb7 44. Bxd6 {L}) 43. Bg4 d5 44.
Bf3 h6 $5 {L} (44... d4 45. Re1 Bd6 (45... Re8 46. Bb4 $1 {S} (46. Bc6 Re6 47.
Bd7 Re7 48. Bxc7 Rxd7) 46... Bd6 47. Rxe8 Bxe8 48. Bxd6 cxd6 49. Kf2 $18 {L})
46. Re4 $16 {<->d4/ <->c7 L/S}) 45. gxh6+ Kxh6 46. Bd2+ Kg7 47. Bg5 Rd6 48.
Bxd5 Bxd5+ 49. Rxd5 Rxd5 50. cxd5 Kf7 51. Kf3 Ke8 52. Bf4 Bf6 53. Bxc7 Bxh4 54.
b4 Kd7 55. Bb6 Bf6 56. Bc5 Bb2 57. a4 Ba3 58. a5 Bb2 59. Kf4 Bf6 60. Ke4 Bc3
61. b5 $1 {L} axb5 62. a6 Kc8 63. d6 Kb8 64. Kd5 Bf6 (64... b4 65. Kc4 {L}) 65.
Kc6 g5 66. Kxb5 g4 67. Kc4 Ka8 68. Kd3 Be5 69. d7 Bc7 70. Ke4 g3 71. Kf3 Bd8 (
71... Kb8 72. Bd6 {L}) 72. Kxg3 Ba5 73. Kg4 Bd8 74. Kf5 Ba5 75. Ke6 Bc7 76. Kf7
Ba5 77. Ke8 Bc7 78. Be7 Ba5 79. Bd8 Bd2 80. Bb6 Bg5 81. Bc5 1-0